 Dungeon Crawl Stone Soup version 0.28.0 (webtiles) character file.

Game seed: 2963971706257697557

89712 MacCMillion the Severer (level 15, -4/137 HPs)
             Began as a Minotaur Fighter on Feb 18, 2022.
             Was a High Priest of Makhleb.
             Slain by a swamp dragon (13 damage)
             ... on level 1 of the Swamp.
             The game lasted 01:49:53 (31171 turns).

MacCMillion the Severer (Minotaur Fighter)         Turns: 31171, Time: 01:49:54

Health: -4/137     AC: 26    Str: 28    XL:     15   Next: 50%
Magic:  25/25      EV:  9    Int:  5    God:    Makhleb [*****.]
Gold:   2987       SH:  6    Dex: 10    Spells: 14/14 levels left

rFire   . . .      SeeInvis .   a - +7 broad axe (chaos)
rCold   + + .      Faith    .   M - +2 buckler {reflect}
rNeg    . . .      Spirit   .   t - +0 plate armour {rC+}
rPois   .          Reflect  +   Y - +1 hat
rElec   .          Harm     .   r - +0 cloak
rCorr   .          Rampage  .   (no gloves)
Will    +....                   W - +2 pair of boots
Stlth   ..........              Z - amulet of regeneration
HPRegen 1.12/turn               J - +4 ring of protection
MPRegen 0.19/turn               i - ring of Ysoanu {+Blink rC+}

@: lethally poisoned (-4 -> -9)
A: horns 2, retaliatory headbutt
a: Renounce Religion, Evoke Blink, Minor Destruction, Lesser Servant of Makhleb,
Major Destruction, Greater Servant of Makhleb


You were on level 1 of the Swamp.
You worshipped Makhleb.
Makhleb was extremely pleased with you.
You visited 5 branches of the dungeon, and saw 25 of its levels.
You also visited: Ossuary and Ice Cave.

You collected 4215 gold pieces.
You spent 1228 gold pieces at shops.

Inventory:

Hand Weapons
 a - a +7 broad axe of chaos (weapon)
 b - a +4 broad axe of flaming
 j - a +2 antimagic broad axe
Missiles
 G - 2 throwing nets
 U - 3 silver javelins
Armour
 r - a +0 cloak (worn)
 t - a +0 plate armour of cold resistance (worn)
 M - a +2 buckler of reflection (worn)
 W - a +2 pair of boots (worn)
 Y - a +1 hat (worn)
Jewellery
 i - the ring of Ysoanu (right hand) {+Blink rC+}
   (You found it on level 6 of the Lair of Beasts)

   [ring of protection from cold]

   rC:        It protects you from cold.
   +Blink:    It lets you blink.
 s - a ring of resist corrosion
 y - a ring of protection from cold
 F - a +4 ring of evasion
 J - a +4 ring of protection (left hand)
 Z - an amulet of regeneration (around neck)
Wands
 m - a wand of digging (11)
 A - a wand of paralysis (8)
 H - a wand of flame (67)
 P - a wand of iceblast (19)
 S - a wand of acid (10)
 T - a wand of mindburst (9)
Scrolls
 e - a scroll of blinking
 f - 13 scrolls of teleportation
 h - a scroll of holy word
 k - 6 scrolls of fog
 l - 4 scrolls of identify
 o - 4 scrolls of magic mapping
 p - 2 scrolls of enchant armour
 x - 6 scrolls of amnesia
 B - 2 scrolls of torment
 K - 3 scrolls of immolation
 L - a scroll of silence
 O - 4 scrolls of fear
 R - 2 scrolls of vulnerability
Potions
 c - a potion of resistance
 d - 6 potions of might
 g - a potion of heal wounds
 n - 3 potions of attraction
 q - 8 potions of curing
 u - 5 potions of brilliance
 v - 8 potions of ambrosia
 w - 6 potions of haste
 z - 7 potions of lignification
 D - a potion of invisibility
 E - a potion of magic {unknown}
 I - 2 potions of flight {unknown}
 N - a potion of cancellation {unknown}
 Q - a potion of mutation {unknown}
Miscellaneous
 C - a phantom mirror
 X - a tin of tremorstones (2/2)


   Skills:
 + Level 13.8 Fighting
 - Level 18.0 Axes
 + Level 13.9 Armour
 - Level 5.0 Dodging
 - Level 4.0 Shields
 + Level 15.9 Invocations
 - Level 6.0 Evocations


You had 14 spell levels left.
You didn't know any spells.
Your spell library contained the following spells:

 Spells                   Type           Power      Damage    Failure   Level
 Beastly Appendage        Tmut           0%         N/A       99%         1
 Foxfire                  Conj/Fire      0%         2x1d4     99%         1
 Shock                    Conj/Air       0%         1d3       99%         1
 Slow                     Hex            0%         N/A       99%         1
 Summon Small Mammal      Summ           0%         N/A       99%         1
 Blink                    Tloc           0%         N/A       100%        2
 Ensorcelled Hibernation  Hex/Ice        0%         N/A       100%        2
 Wereblood                Tmut           0%         N/A       100%        2
 Call Canine Familiar     Summ           0%         N/A       100%        3
 Confusing Touch          Hex            0%         N/A       100%        3
 Conjure Flame            Conj/Fire      0%         6-21      100%        3
 Gell's Gravitas          Tloc           0%         N/A       100%        3
 Ignite Poison            Fire/Tmut/Pois 0%         N/A       100%        3
 Inner Flame              Hex/Fire       0%         N/A       100%        3
 Lesser Beckoning         Tloc           0%         N/A       100%        3
 Mephitic Cloud           Conj/Pois/Air  0%         N/A       100%        3
 Portal Projectile        Hex/Tloc       0%         N/A       100%        3
 Spider Form              Tmut/Pois      0%         N/A       100%        3
 Summon Guardian Golem    Hex/Summ       0%         N/A       100%        3
 Swiftness                Air            0%         N/A       100%        3
 Teleport Other           Tloc           0%         N/A       100%        3
 Tukima's Dance           Hex            0%         N/A       100%        3
 Vampiric Draining        Necr           0%         2d6       100%        3
 Airstrike                Air            0%         N/A       100%        4
 Anguish                  Hex/Necr       0%         N/A       100%        4
 Animate Dead             Necr           0%         N/A       100%        4
 Flame Wave               Conj/Fire      0%         2d4       100%        4
 Leda's Liquefaction      Hex/Erth       0%         N/A       100%        4
 Passage of Golubria      Tloc           0%         N/A       100%        4
 Petrify                  Tmut/Erth      0%         N/A       100%        4
 Summon Lightning Spire   Summ/Air       0%         N/A       100%        4
 Borgnjor's Vile Clutch   Necr/Erth      0%         N/A       100%        5
 Freezing Cloud           Conj/Ice/Air   0%         6-21      100%        5
 Yara's Violent Unravell  Hex/Tmut       0%         3d3       100%        5
 Death Channel            Necr           0%         N/A       100%        6
 Eringya's Noxious Bog    Tmut/Pois      0%         N/A       100%        6
 Simulacrum               Ice/Necr       0%         N/A       100%        6
 Summon Cactus Giant      Summ           0%         N/A       100%        6
 Monstrous Menagerie      Summ           0%         N/A       100%        7
 Ozocubu's Refrigeration  Ice            0%         4d5       100%        7
 Storm Form               Tmut/Air       0%         N/A       100%        7
 Maxwell's Capacitive Co  Air            0%         ∞         100%        8
 Necromutation            Tmut/Necr      0%         N/A       100%        8


Dungeon Overview and Level Annotations

Branches:
Dungeon (15/15)            Temple (1/1) D:6            Lair (6/6) D:10
  Swamp (1/4) Lair:4        Snake (0/4) Lair:2        Slime (0/5) Lair:6
    Orc (2/2) D:10            Elf (0/3) Orc:2        Vaults (0/5) D:13
 Depths (0/4) D:15        Ossuary (visited)           IceCv (visited)

Altars:
Ashenzari
Cheibriados
Dithmenos
Elyvilon
Fedhas
Gozag
Hepliaklqana
Kikubaaqudgha
Makhleb
Nemelex Xobeh
Okawaru
Qazlal
Ru
Sif Muna
Trog
Uskayaw
Vehumet
Wu Jian
Xom
Yredelemnul
Zin
The Shining One
Jiyva

Shops:
D:4 *   D:5 ?   D:8 *   Orc:1 (   Orc:2 [*(:

Annotations:
D:4 1 exclusion, Menkaure
D:11 exclusion: orange crystal statue
D:12 2 transporters, ALo's ghost, journeyman MiBe
D:15 Roxanne
Lair:5 1 runed translucent door, Zimaveycw's ghost, journeyman OpFi
Lair:6 1 runed translucent door


Innate Abilities, Weirdness & Mutations

You have a pair of horns on your head.
You reflexively headbutt those who attack you in melee.


Message History

You are engulfed in poison gas.
You are more poisoned.
You feel extremely sick.
You barely miss the swamp dragon. Your headbutt misses the swamp dragon.
The swamp dragon is heavily wounded.
You are engulfed in poison gas.
You are lethally poisoned!
* * * LOW HITPOINT WARNING * * *
You feel extremely sick. You block the swamp dragon's attack.
The swamp dragon claws you but does no damage.
The swamp dragon tramples you but does no damage.
You feel better.
You are engulfed in poison gas.
You are poisoned.
* * * LOW HITPOINT WARNING * * *
You feel very sick. The swamp dragon bites you.
* * * LOW HITPOINT WARNING * * *
The swamp dragon claws you but does no damage.
The swamp dragon tramples you.
* * * LOW HITPOINT WARNING * * *
You hold your ground!
You slash the swamp dragon! Your headbutt misses the swamp dragon.
The swamp dragon is severely wounded.
You are engulfed in poison gas.
You are lethally poisoned!
* * * LOW HITPOINT WARNING * * *
x2 You feel very sick.
The swamp dragon bites you.
* * * LOW HITPOINT WARNING * * *
The swamp dragon claws you but does no damage.
The swamp dragon tramples you.
* * * LOW HITPOINT WARNING * * *
You hold your ground!
You block the spriggan rider's attack.
You feel better.
You are engulfed in poison gas.
You are poisoned.
* * * LOW HITPOINT WARNING * * *
You feel very sick. The swamp dragon bites you!
You die...

..≈≈≈≈. ♣...♣≈♣♣≈.
≈..≈≈≈≈.♣
♣♣.≈.≈♣≈♣≈≈
≈≈≈≈≈≈..♣
♣...≈..≈≈..
PPP≈.[..♣
♣♣♣≈......≈≈.
PPPP....♣
♣♣.♣≈♣≈♣♣.♣♣.
≈PPP≈≈..♣ ♣.≈...≈♣
.♣
≈..≈≈°≈.♣♣♣♣≈.≈♣♣.♣
♣ ≈..≈≈≈n°.♣♣♣...♣
♣♣
....≈iD@♣≈≈≈♣♣....♣
........♣♣♣.♣♣♣♣♣.♣
..≈....♣♣ ♣♣♣ ♣
.≈.≈..§ ♣..≈...
.....≈♣ .≈....
.....≈


You could see a swamp dragon, a spriggan rider and a bog body.

Vanquished Creatures
  Kirke (D:13)
  An orc warlord (Orc:2)
  Azrael (D:15)
  An ettin (Orc:2)
  4 vault guards (D:13)
  Fannar (D:10)
  An ice dragon (D:15)
  4 boulder beetles
  8 hydras
  3 centaur warriors
  2 catoblepae
  4 two-headed ogres
  5 death yaks
  4 orc high priests
  A deep troll shaman (Lair:6)
  A goliath frog (Swamp:1)
  A wizard (D:15)
  A deep elf zephyrmancer (D:13)
  5 orc knights
  A bog body (Swamp:1)
  A phantasmal warrior (D:15)
  A deep elf pyromancer (D:15)
  A lindwurm (Lair:6)
  5 manticores
  5 orc sorcerers
  A manticore (shapeshifter) (D:15)
  An oklob plant (Lair:3)
  6 elephants (Lair:6)
  2 cyclopes
  4 black mambas
  A storm dragon simulacrum (D:15)
  An unseen horror (D:13)
  2 gargoyles (D:11)
  5 rime drakes
  9 cane toads
  4 kobold demonologists
  An efreet (D:13)
  2 freezing wraiths
  7 komodo dragons
  2 anaconda simulacra (IceCv)
  7 polar bears
  A queen bee (Lair:1)
  A hornet (D:8)
  2 trolls
  24 blink frogs
  2 centaur simulacra (D:15)
  A vampire (D:11)
  A spriggan (D:13)
  7 wraiths
  A spriggan (shapeshifter) (D:14)
  32 yaks
  A shadow (D:9)
  7 wyverns
  A dire elephant simulacrum (IceCv)
  4 hogs (D:13)
  4 basilisks
  A golden eye (shapeshifter) (D:13)
  5 fire elementals (D:15)
  8 humans (D:13)
  2 steam dragons
  A harpy simulacrum (IceCv)
  4 vampire mosquitoes (D:14)
  2 swamp worms (Swamp:1)
  5 wargs
  A naga (Lair:2)
  A hell hound (D:15)
  16 water moccasins
  34 orc warriors
  5 black bears
  5 ice beasts
  2 sky beasts
  2 alligator simulacra (IceCv)
  2 necrophages
  4 boggarts (Lair:6)
  8 wolves
  7 ogres
  2 centaurs
  A phantom (D:6)
  9 kobold brigands
  11 bullfrogs
  3 gnoll sergeants
  4 elf zombies (Ossuary)
  3 scorpions
  A wyvern skeleton (D:6)
  26 killer bees (Lair:1)
  A lindwurm simulacrum (IceCv)
  A vampire bat (Lair:2)
  8 wights
  2 howler monkeys (D:10)
  2 electric eels
  12 centaur zombies
  3 hounds
  3 jellies
  19 orc priests
  2 bullfrog skeletons
  A centaur skeleton (D:6)
  Jessica (D:2)
  5 iguanas
  Natasha (thrice) (D:2)
  23 orc wizards
  4 hell rats (Lair:5)
  3 mummies (Ossuary)
  A howler monkey zombie (D:9)
  21 gnolls
  A howler monkey skeleton (D:6)
  8 adders
  3 shadow imps
  2 white imps (D:15)
  An ufetubus (D:6)
  An adder zombie (D:5)
  4 worms
  A dart slug (D:2)
  68 orcs
  5 endoplasms
  3 giant cockroaches
  12 goblins
  4 hobgoblins
  3 jackals (D:5)
  34 kobolds
  2 quokkas
  4 ball pythons
  10 bats
  2 frilled lizards
  A quokka skeleton (D:4)
  7 rats
673 creatures vanquished.

Vanquished Creatures (collateral kills)
  A very ugly thing (IceCv)
  2 boulder beetles (Lair:2)
  2 hydras
  A death knight (D:15)
  An orc high priest (Orc:2)
  A wizard (D:15)
  2 black mambas (Lair:2)
  A rime drake (Lair:3)
  2 blink frogs (Lair:2)
  3 yaks (Lair:2)
  A fire elemental (D:15)
  A naga (Lair:2)
  5 orc warriors (Orc:2)
  A lindwurm simulacrum (IceCv)
  An orc wizard (Orc:2)
  2 orcs (Orc:2)
27 creatures vanquished.

Vanquished Creatures (others)
  A centaur simulacrum (D:15)
  A bush (Lair:6)
  35 fungi
  97 plants
134 creatures vanquished.

Grand Total: 834 creatures vanquished

Notes
Turn   | Place    | Note
-------+----------+-------------------------------------------
     0 | D:1      | MacCMillion the Minotaur Fighter began the quest for the
                  | Orb.
     0 | D:1      | Reached XP level 1. HP: 19/19 MP: 0/0
   409 | D:1      | Reached XP level 2. HP: 27/27 MP: 1/1
   647 | D:2      | Reached skill level 3 in Axes
   669 | D:2      | Noticed Natasha
   678 | D:2      | Killed Natasha
   679 | D:2      | Reached XP level 3. HP: 20/33 MP: 2/2
   841 | D:2      | Found a basalt altar of Yredelemnul.
   844 | D:2      | Noticed a necrophage
   854 | D:2      | Killed a necrophage
   855 | D:2      | Reached skill level 4 in Axes
   855 | D:2      | Reached XP level 4. HP: 36/41 MP: 3/3
   866 | D:2      | Reached XP level 5. HP: 40/47 MP: 4/4
   931 | D:2      | Noticed Jessica
   938 | D:2      | Killed Jessica
  1250 | D:2      | Noticed Natasha
  1256 | D:2      | Killed Natasha
  1257 | D:2      | Reached skill level 5 in Axes
  1383 | D:2      | Noticed Natasha
  1390 | D:2      | Killed Natasha
  1391 | D:2      | Reached skill level 5 in Armour
  1633 | D:2      | Reached skill level 5 in Fighting
  1961 | D:3      | Reached XP level 6. HP: 56/56 MP: 5/5
  2185 | D:3      | Found a sacrificial altar of Ru.
  2323 | D:3      | Found a broken altar of Ashenzari.
  2388 | D:3      | Found a shimmering altar of Xom.
  2525 | D:3      | Reached skill level 6 in Axes
  2557 | D:3      | Found a snail-covered altar of Cheibriados.
  2745 | D:4      | Found Ohyfy's Assorted Antiques.
  2911 | D:4      | Reached skill level 7 in Axes
  2953 | D:4      | Found an ancient bone altar of Kikubaaqudgha.
  3183 | D:4      | Got the Compendium of Transmigration
  3257 | D:4      | Noticed Menkaure
  3258 | D:4      | Reached XP level 7. HP: 61/61 MP: 6/6
  3276 | D:4      | Reached skill level 8 in Axes
  3660 | D:5      | Entered Level 5 of the Dungeon
  4039 | D:6      | Reached skill level 9 in Axes
  4146 | D:6      | Reached skill level 10 in Axes
  4263 | D:6      | Reached XP level 8. HP: 63/68 MP: 7/7
  4754 | D:6      | Found a staircase to the Ecumenical Temple.
  4768 | Temple   | Entered the Ecumenical Temple
  5018 | Temple   | Became a worshipper of Makhleb the Destroyer
  5086 | D:6      | Reached skill level 11 in Axes
  5407 | D:5      | Found Alofaips's Magic Scroll Shoppe.
  5440 | D:4      | Bought a runed broad axe for 161 gold pieces
  5469 | D:5      | Bought a scroll of identify for 30 gold pieces
  5554 | D:5      | Reached skill level 12 in Axes
  6596 | D:7      | Reached skill level 1 in Invocations
  6596 | D:7      | Reached XP level 9. HP: 72/74 MP: 8/8
  6976 | D:7      | Reached skill level 13 in Axes
  6985 | D:7      | Reached * piety under Makhleb
  7253 | D:7      | Found a glowing golden altar of the Shining One.
  7341 | D:7      | Found a bloodstained altar of Trog.
  8018 | D:8      | Noticed a kobold demonologist
  8019 | D:8      | Noticed a kobold demonologist
  8033 | D:8      | Noticed a rust devil
  8034 | D:8      | Noticed a hellwing
  8034 | D:8      | Killed a kobold demonologist
  8034 | D:8      | Killed a kobold demonologist
  8035 | D:8      | Reached skill level 5 in Invocations
  8113 | D:8      | Found an opulent altar of Gozag.
  8120 | D:8      | Reached XP level 10. HP: 63/84 MP: 11/13
  8131 | D:8      | Reached ** piety under Makhleb
  8151 | D:8      | Found a sand-covered staircase.
  8156 | Ossuary  | Entered an ossuary
  8884 | D:8      | Paralysed by a hornet for 1 turns
  9157 | D:8      | Found Peyl's Assorted Antiques.
  9288 | D:8      | Found a shimmering blue altar of Sif Muna.
 10168 | D:9      | Reached *** piety under Makhleb
 10450 | D:9      | Reached skill level 14 in Axes
 10716 | D:10     | Entered Level 10 of the Dungeon
 11141 | D:10     | Found a staircase to the Lair.
 11554 | D:10     | Reached XP level 11. HP: 95/95 MP: 15/15
 11592 | D:10     | Found a staircase to the Orcish Mines.
 11711 | D:10     | Noticed Fannar
 11725 | D:10     | Killed Fannar
 12383 | D:8      | Bought a pair of runed boots for 180 gold pieces
 12484 | Lair:1   | Entered Level 1 of the Lair of Beasts
 12971 | Lair:1   | Reached **** piety under Makhleb
 14319 | Lair:2   | Noticed a five-headed hydra
 14392 | Lair:1   | Identified a scroll of acquirement
 14393 | Lair:1   | Acquired 1051 gold pieces
 14529 | Lair:1   | Killed a five-headed hydra
 14695 | Lair:2   | Reached skill level 15 in Axes
 14695 | Lair:2   | Reached skill level 1 in Dodging
 14801 | Lair:2   | Noticed a boulder beetle
 14818 | Lair:2   | Killed a boulder beetle
 14819 | Lair:2   | Reached skill level 10 in Invocations
 15049 | Lair:2   | Got the Disquisition on the Glacier
 15077 | Lair:2   | Reached skill level 10 in Armour
 15222 | Lair:2   | Reached XP level 12. HP: 106/106 MP: 18/18
 15240 | Lair:2   | Reached skill level 10 in Fighting
 15547 | Lair:2   | Noticed an eight-headed hydra
 15561 | Lair:2   | Killed an eight-headed hydra
 15954 | D:5      | Bought a scroll of enchant weapon for 112 gold pieces
 15954 | D:5      | Bought a scroll of fear for 52 gold pieces
 15954 | D:5      | Bought a scroll of identify for 30 gold pieces
 15957 | D:5      | Bought a scroll of identify for 30 gold pieces
 15957 | D:5      | Bought a scroll of identify for 30 gold pieces
 16129 | Lair:2   | Noticed a boulder beetle
 16142 | Lair:2   | Killed a boulder beetle
 16259 | Lair:2   | Found a staircase to the Snake Pit.
 17387 | Lair:3   | Reached skill level 5 in Dodging
 17470 | Lair:3   | Noticed a boulder beetle
 17479 | Lair:3   | Killed a boulder beetle
 17509 | Lair:3   | Reached skill level 16 in Axes
 17937 | Lair:3   | Got Sif Muna's Collected Works on the Escort and the
                  | Compass
 18154 | Lair:4   | Noticed a catoblepas
 18168 | Lair:4   | Killed a catoblepas
 18295 | Lair:4   | Noticed a six-headed hydra
 18424 | Lair:4   | Noticed a six-headed hydra
 18436 | Lair:4   | Killed a six-headed hydra
 18550 | Lair:4   | Noticed a five-headed hydra
 18571 | Lair:4   | Killed a five-headed hydra
 18573 | Lair:4   | Reached XP level 13. HP: 113/113 MP: 21/21
 18766 | Lair:4   | Found a staircase to the Swamp.
 19148 | Lair:5   | Reached skill level 1 in Evocations
 19254 | Lair:5   | Identified the +9 spear of Okawaru's Supremacy {protect,
                  | Fly rElec rC+++ Int-5}
 19255 | Lair:5   | Found a runed translucent door.
 19257 | Lair:5   | Noticed Zimaveycw's ghost (journeyman OpFi)
 20385 | Lair:6   | Entered Level 6 of the Lair of Beasts
 20399 | Lair:6   | Reached ***** piety under Makhleb
 20490 | Lair:6   | Found a runed translucent door.
 20491 | Lair:6   | Found a viscous altar of Jiyva.
 20491 | Lair:6   | Noticed an acid blob
 20491 | Lair:6   | Noticed an acid blob
 20494 | Lair:6   | Noticed an acid blob
 20503 | Lair:6   | Noticed an acid blob
 20898 | Lair:6   | Reached skill level 17 in Axes
 22104 | Lair:6   | Identified the ring of Attitude {rN+ Str+4 Slay-4}
 22116 | Lair:6   | Identified the ring of Ysoanu {+Blink rC+}
 22238 | Lair:6   | Found a staircase to the Slime Pits.
 22387 | Lair:6   | Reached XP level 14. HP: 124/124 MP: 23/23
 23484 | Orc:1    | Entered Level 1 of the Orcish Mines
 23621 | Orc:1    | Found Cutesae's Weapon Shop.
 23804 | Orc:1    | Found a burning altar of Makhleb.
 24005 | Orc:2    | Entered Level 2 of the Orcish Mines
 24288 | Orc:2    | Found a staircase to the Elven Halls.
 24387 | Orc:2    | Reached ****** piety under Makhleb
 24408 | Orc:2    | Noticed an orc warlord
 24607 | Orc:2    | Killed an orc warlord
 24744 | Orc:2    | Reached skill level 15 in Invocations
 24798 | Orc:2    | Found Todof's General Store.
 24799 | Orc:2    | Found Lebb's Book Shoppe.
 24800 | Orc:2    | Found Ovuomieh's Antique Armour Emporium.
 24800 | Orc:2    | Found Ireddott's Antique Weapon Emporium.
 24870 | Orc:2    | Bought a potion of resistance for 160 gold pieces
 24873 | Orc:2    | Bought a scroll of identify for 32 gold pieces
 25815 | D:12     | Found a transporter.
 25937 | D:12     | Found a transporter.
 25937 | D:12     | Noticed ALo's ghost (journeyman MiBe)
 26794 | D:13     | Acquired 1035 gold pieces
 27386 | D:13     | Noticed Kirke
 27397 | D:13     | Killed Kirke
 27419 | D:13     | Reached skill level 18 in Axes
 27487 | D:13     | Reached skill level 5 in Evocations
 27578 | D:13     | Found a gate to the Vaults.
 27705 | D:14     | Reached XP level 15. HP: 133/134 MP: 25/25
 28966 | D:15     | Entered Level 15 of the Dungeon
 29009 | D:15     | Noticed Azrael
 29018 | D:15     | Killed Azrael
 29491 | D:15     | Identified Roxanne's Incunabulum of Transmigration
 29491 | D:15     | Noticed Roxanne
 29544 | D:15     | Found a frozen archway.
 29548 | IceCv    | Entered an ice cave
 29558 | IceCv    | Found a transporter.
 29651 | IceCv    | Found a transporter.
 29713 | D:15     | Found a staircase to the Depths.
 30645 | D:4      | Bought a small marble ring for 115 gold pieces
 30645 | D:4      | Bought a cyan potion for 20 gold pieces
 30645 | D:4      | Bought a copper wand for 92 gold pieces
 30645 | D:4      | Bought a wand of digging (4) for 184 gold pieces
 30888 | Swamp:1  | Entered Level 1 of the Swamp
 31170 | Swamp:1  | HP: 6/137 [swamp dragon (6)]
 31171 | Swamp:1  | Slain by a swamp dragon

Illustrated notes

Levels and vault maps discovered:
D:1:      saegor_arrival_simple_e, layout_rooms, minivault_5
D:2:      layout_loops_ring, basic_altar, uniq_jessica, uniq_natasha
D:3:      layout_loops_ring, mainiacjoe_overflow_surrounded_room,
          nicolae_ru_awakened_eye, ashenzari_conservatory_becter,
          old_standard_altar, corexii_shack, lexackson_kobold_supper
D:4:      layout_cave_pods, nicolae_kikubaaqudgha_miasma_corner, serial_shops,
          kennysheep_mini, uniq_menkaure
D:5:      layout_gridville, serial_shops, nicolae_stop_n_shop_1
D:6:      layout_basic, minmay_temple_entry_stoned_glass,
          nicolae_elevator_lobby_plus
D:7:      layout_basic, lemuel_round_altar, mainiacjoe_overflow_brackets
D:8:      layout_loops_corners, lemuel_crystal_altar, marbit_many_paths,
          serial_shops, nicolae_lakefront_shop,
          nicolae_ossuary_entry_false_entrances
D:9:      layout_basic
D:10:     layout_layer_cave, due_lair_maze_entry_diamond,
          minmay_orc_entry_guard_dogs, uniq_fannar
D:11:     layout_roguey, minivault_16
D:12:     layout_basic, gammafunk_ghost_stat_death, hangedman_decor_lopped,
          chequers_serial_rivers_micro_b, kennysheep_generic_room_10
D:13:     layout_gridville, ximxim_vaults_locker_room, the_hattery, uniq_kirke
D:14:     layout_irregular_city, serial_glass, glass_columns_a, glass_columns_c,
          glass_columns_a, glass_columns_a, chequers_avenue,
          nicolae_two_hexagons
D:15:     grunt_enter_depths_hoard, layout_basic, serial_ice, serial_ice_j,
          serial_ice_a, serial_ice_m, serial_ice_d,
          portal_ice_cave_entry_pillars_four, small_statue_intersection,
          uniq_azrael, uniq_roxanne
Temple:   nicolae_temple_figure_eight
Lair:1:   layout_roguey [special_room_bee], nicolae_quartered_pool_super,
          serial_bayou_shore_a, grunt_megastairs_5
Lair:2:   layout_big_grid, guppyfry_snake_entry_garden, roderic_batcave,
          nzn_sisyphean_effort, infiniplex_staircase_pool_2
Lair:3:   layout_regular_city, minmay_lair_oklob_items, st_stairs_4
Lair:4:   layout_long_grid, minmay_swamp_entry_reptiles
Lair:5:   layout_roguey, ebering_ghost_funeral_grove
Lair:6:   grunt_lair_end_beastmaster, layout_loops_ring, slime_altar_2,
          serial_bayou, serial_bayou_shore_b, serial_bayou_crossing,
          serial_bayou_shore_b, serial_bayou_pond_b, serial_bayou_pond_d,
          kilobyte_rumbling_trees, grunt_megastairs_3
Swamp:1:  layout_falls_marsh, nicolae_swamp_triple_paths, swamp_pool3,
          nicolae_swamp_some_circles, uniq_nikola, uniq_josephine,
          uniq_mlioglotl
Orc:1:    layout_caves, serial_shops, nicolae_square_shop, basic_altar
Orc:2:    st_orc_congregation, layout_caves

Skill      XL: |  1  2  3  4  5  6  7  8  9 10 11 12 13 14 15 |
---------------+----------------------------------------------+-----
Axes           | 3 4 5 7 10 12 13 14 15 16 17 18 | 18.0
Fighting       | 4 5 6 8 9 10 11 12 13 | 13.8
Armour         | 4 5 6 8 10 11 12 13 | 13.9
Shields        | 4 |  4.0
Invocations    | 1 5 7 10 12 14 15 | 15.9
Dodging        | 2 5 |  5.0
Evocations     | 3 5 6 |  6.0

Action                   |  1- 3 |  4- 6 |  7- 9 | 10-12 | 13-15 || total
-------------------------+-------+-------+-------+-------+-------++-------
Melee: War axe           |    49 |   144 |    99 |       |       ||   292
       Headbutt          |     6 |    16 |    43 |    97 |   178 ||   340
       Broad axe         |       |       |   171 |   500 |   780 ||  1451
       Flail             |       |       |       |    12 |     6 ||    18
Invok: Lesser Servant of |       |       |       |     8 |    12 ||    20
       Minor Destruction |       |       |       |    10 |    30 ||    40
       Major Destruction |       |       |       |       |     7 ||     7
       Greater Servant o |       |       |       |       |     4 ||     4
Evoke: Wand              |       |       |       |     3 |     8 ||    11
       Phantom mirror    |       |       |       |       |     1 ||     1
  Use: Scroll            |       |       |     9 |    16 |    10 ||    35
       Potion            |       |       |     1 |     4 |     7 ||    12
 Stab: Distracted        |       |       |       |     2 |     2 ||     4
       Petrified         |       |       |       |       |     8 ||     8
       Confused          |       |       |       |       |     1 ||     1
Armor: Scale mail        |    25 |     8 |       |       |       ||    33
       Plate armour      |       |    82 |   125 |   272 |   468 ||   947
Dodge: Dodged            |    24 |    44 |    82 |   241 |   272 ||   663
Block: Buckler           |     4 |    28 |    56 |    74 |   162 ||   324
       Reflection        |       |       |       |       |     3 ||     3
